 Dungeon Crawl Stone Soup version 0.29.1-12-g30fa7ad0bf (webtiles) character file.

Game seed: 5381532270911438255

67414 wingedge the Bludgeoner (level 14, -6/121 HPs)
             Began as a Palentonga Abyssal Knight on Jan 14, 2023.
             Was the Champion of Lugonu.
             Mangled by a dream sheep (8 damage)
             ... on level 5 of the Lair of Beasts.
             The game lasted 01:43:25 (28058 turns).

wingedge the Bludgeoner (PaAK)                     Turns: 28058, Time: 01:43:26

Health: -6/121     AC: 15    Str: 20    XL:     14   Next: 82%
Magic:  15/22      EV: 11    Int: 18    God:    Lugonu [******]
Gold:   1853       SH:  0    Dex: 10    Spells: 2/23 levels left

rFire   + . .      SeeInvis +   b - +2 great mace (distort)
rCold   + . .      Faith    .   (shield currently unavailable)
rNeg    . . .      Spirit   .   T - +2 robe {Will+}
rPois   +          Reflect  .   U - +0 hat {Int+3}
rElec   .          Harm     .   j - scarf {rC+ rF+}
rCorr   .          Rampage  .   k - +1 pair of gloves
Will    ++...                   (no barding)
Stlth   ++........              B - amulet of magic regeneration
HPRegen 0.30/turn               w - +4 ring of slaying
MPRegen 0.58/turn               K - ring of poison resistance

@: studying Fighting, invisible, curled up
A: large, rugged brown scales 3, see invisible, deformed body, roll 1, armoured
tail, reflexive curl
a: Rolling Charge, Renounce Religion, Depart the Abyss, Bend Space, Banish,
Corrupt, Enter the Abyss


You were on level 5 of the Lair of Beasts.
You worshipped Lugonu.
Lugonu was exalted by your worship.
You visited 4 branches of the dungeon, and saw 20 of its levels.
You visited the Abyss 1 time.
You also visited: Bailey.

You collected 2295 gold pieces.
You spent 442 gold pieces at shops.

Inventory:

Hand Weapons
 a - a +3 spectral dire flail
 b - a +2 great mace of distortion (weapon)
 p - the +5 morningstar of Xoxadax {protect, Dex+4}
   (You took it off a wight on level 8 of the Dungeon)

   It grants its wielder temporary protection when it strikes (+7 to AC).
   Dex:       It affects your dexterity (+4).
 L - a +5 antimagic hand axe
Missiles
 z - a throwing net (quivered)
Armour
 f - +0 acid dragon scales
 i - a +0 robe of positive energy
 j - a scarf of resistance (worn)
 k - a +1 pair of gloves (worn)
 n - a +1 robe of fire resistance
 N - the +1 hat "Xogoasi" {Will- Str+5 Dex+3}
   (You found it on level 1 of the Orcish Mines)

   Str:       It affects your strength (+5).
   Dex:       It affects your dexterity (+3).
   Will:      It decreases your willpower.
 T - a +2 robe of willpower (worn)
 U - a +0 hat of intelligence (worn)
 X - a +1 robe of the Archmagi
Jewellery
 r - a ring of protection from cold
 w - a +4 ring of slaying (left hand)
 B - an amulet of magic regeneration (around neck)
 K - a ring of poison resistance (right hand)
 V - the ring "Miroal" {rElec rN+ Will+ Dex-2 SInv}
   (You found it on level 2 of the Orcish Mines)

   [ring of positive energy]

   Dex:       It affects your dexterity (-2).
   rElec:     It insulates you from electricity.
   rN:        It protects you from negative energy.
   SInv:      It lets you see invisible.
   Will:      It increases your willpower.
Wands
 g - a wand of mindburst (16)
 h - a wand of quicksilver (1)
 x - a wand of iceblast (18)
 I - a wand of paralysis (6)
 M - a wand of flame (26)
Scrolls
 d - 3 scrolls of immolation
 e - 3 scrolls of poison
 l - a scroll of magic mapping
 s - a scroll of summoning
 u - 5 scrolls of amnesia
 y - 5 scrolls of fog
 D - 7 scrolls of teleportation
 H - 2 scrolls of vulnerability
 J - a scroll of fear
 P - 3 scrolls of blinking
 Q - a scroll of silence {unknown}
 S - a scroll of enchant armour
 Z - a scroll of brand weapon
Potions
 c - 2 potions of berserk rage {unknown}
 m - 3 potions of might
 q - 2 potions of magic {unknown}
 t - 7 potions of attraction
 v - 5 potions of cancellation
 A - 8 potions of flight
 C - a potion of invisibility
 E - 4 potions of lignification {unknown}
 F - a potion of ambrosia {unknown}
 G - 4 potions of mutation
 O - 3 potions of brilliance
 R - 6 potions of haste {unknown}
Miscellaneous
 W - a box of beasts


   Skills:
 * Level 11.7 Fighting
 - Level 1.2 Short Blades
 - Level 3.0(10.3) Axes
 * Level 15.2(15.3) Maces & Flails
 - Level 6.0 Armour
 - Level 6.0 Dodging
 - Level 2.0 Stealth
 - Level 5.0 Spellcasting
 - Level 5.0 Hexes
 - Level 3.0 Necromancy
 * Level 6.0 Translocations
 - Level 4.0 Transmutations
 - Level 5.0 Ice Magic
 + Level 11.6 Invocations


You had 2 spell levels left.
You knew the following spells:

 Your Spells              Type           Power      Damage    Failure   Level
a - Slow                  Hex            88%        N/A       1%          1
b - Confusing Touch       Hex            22%        N/A       4%          3
c - Wereblood             Tmut           18%        N/A       3%          2
d - Ensorcelled Hibernat  Hex/Ice        44%        N/A       2%          2
e - Ozocubu's Armour      Ice            22%        N/A       4%          3
f - Frozen Ramparts       Ice            44%        1d7       4%          3
g - Sublimation of Blood  Necr           15%        N/A       6%          2
h - Manifold Assault      Tloc           26%        N/A       30%         5

Your spell library contained the following spells:

 Spells                   Type           Power      Damage    Failure   Level
 Blink                    Tloc           52%        N/A       1%          2
 Passwall                 Tmut/Erth      9%         N/A       9%          2
 Magic Dart               Conj           16%        1d3       13%         1
 Sandblast                Erth           8%         2d5       13%         1
 Summon Small Mammal      Summ           16%        N/A       13%         1
 Call Imp                 Summ           4%         N/A       21%         2
 Gell's Gravitas          Tloc           26%        N/A       3%          3
 Lesser Beckoning         Tloc           26%        N/A       3%          3
 Teleport Other           Tloc           26%        N/A       3%          3
 Tukima's Dance           Hex            22%        N/A       4%          3
 Passage of Golubria      Tloc           26%        N/A       11%         4
 Vampiric Draining        Necr           15%        2d7       12%         3
 Summon Guardian Golem    Hex/Summ       13%        N/A       14%         3
 Ice Form                 Ice/Tmut       20%        N/A       21%         4
 Call Canine Familiar     Summ           4%         N/A       36%         3
 Mephitic Cloud           Conj/Pois/Air  4%         N/A       36%         3
 Swiftness                Air            4%         N/A       36%         3
 Summon Ice Beast         Ice/Summ       13%        N/A       43%         4
 Yara's Violent Unravell  Hex/Tmut       10%        3d6       50%         5
 Airstrike                Air            2%         2d(1-17)  78%         4
 Summon Lightning Spire   Summ/Air       4%         N/A       78%         4
 Dispersal                Tloc           13%        N/A       86%         6
 Iskenderun's Battlesphe  Conj           4%         2d6       98%         5
 Lee's Rapid Deconstruct  Erth           2%         3d5*      98%         5
 Lightning Bolt           Conj/Air       2%         1d13      98%         5
 Iron Shot                Conj/Erth      2%         9d2       100%        6
 Ozocubu's Refrigeration  Ice            11%        4d9       100%        7
 Spellforged Servitor     Conj/Summ      2%         N/A       100%        7
 Summon Hydra             Summ           2%         N/A       100%        7


Dungeon Overview and Level Annotations

Branches:
Dungeon (12/15)            Temple (1/1) D:6            Lair (5/5) D:10
  Swamp (0/4) Lair:3       Spider (0/4) Lair:3          Orc (2/2) D:10
    Elf (0/3) Orc:2        Bailey (visited)
  Slime: Lair:4-5

Altars:
Dithmenos
Fedhas
Gozag
Kikubaaqudgha
Makhleb
Okawaru
Qazlal
Vehumet
Wu Jian
Xom
Zin
The Shining One

Shops:
Orc:2 *[=((

Annotations:
D:3 1 runed translucent door
D:4 corrupted
Abyss:1 sigtrap's ghost, amateur KoBr


Innate Abilities, Weirdness & Mutations

You are completely covered in rugged brown scales. (AC +3, +7% HP)
You have supernaturally acute eyesight. (SInv)
Armour fits poorly on your strangely shaped body.
You can roll at nearby foes to attack.
You have a long armoured tail.
You curl defensively after being hit. (AC +7*)


Message History

You barely miss the dream sheep.
The dream sheep bleats! x2
The dream sheep barely misses you. The dream sheep misses you.
The dream sheep bites you.
You closely miss the dream sheep. You tail-slap the dream sheep.
The dream sheep is moderately wounded.
The dream sheep misses you. The dream sheep bites you!
* * * LOW HITPOINT WARNING * * *
The dream sheep bleats! x2
You sock the dream sheep!
You kill the dream sheep!
Lugonu accepts your kill.
The dream sheep bleats!
The dream sheep bites you but does no damage.
The dream sheep bites you!
* * * LOW HITPOINT WARNING * * *
You catch the helpless dream sheep completely off-guard!
You bludgeon the dream sheep!!
You kill the dream sheep!
Lugonu accepts your kill.
The dream sheep shake their wool and sparkle.
You feel drowsy...
You fall asleep.
The dream sheep bites you!!
You wake up.
* * * LOW HITPOINT WARNING * * *
The dream sheep bites you but does no damage.
Okay, then.
Okay, then.
Okay, then.
Press: ? - help, Shift-Dir - straight line, f - dream sheep
Aim: a dream sheep (unable to see you, chance to affect: 81%)
The dream sheep barely resists.
The dream sheep bites you but does no damage.
The dream sheep barely misses you.
Press: ? - help, Shift-Dir - straight line, f/p - dream sheep
Aim: a dream sheep (unable to see you, chance to affect: 81%)
The dream sheep is devoured by a tear in reality.
Lugonu claims a new guest.
The dream sheep bites you but does no damage.
The dream sheep bites you!
You die...

#....## .....## ......
#...### ##.....#
#P†...### ##.##
#####.P....#
.....##.##.#.....###
.....#..#..†....@†.#
....#.#........§YY#.#
......#.......§§§.....
.................#....
...............#........
h.......................
............^........$..
........................
..........†.......


You could see 2 dream sheep.

Vanquished Creatures
  Rupert (Lair:2)
  Frances (D:12)
  Gastronok (D:8)
  A stone giant (Orc:2)
  Azrael (D:12)
  An ettin (Orc:2)
  Josephine (Orc:1)
  A boulder beetle (D:12)
  3 hydras
  The ghost of mkat the Blocker, a journeyman TeFi of Elyvilon (Orc:2)
  Erica (D:8)
  6 death yaks
  A two-headed ogre (Orc:2)
  An orc high priest (Orc:2)
  An orc knight (Orc:2)
  2 deep elf pyromancers
  A deep elf zephyrmancer (Orc:1)
  2 oklob plants (Lair:1)
  A manticore (Lair:3)
  2 orc sorcerers
  A will-o-the-wisp (Lair:3)
  8 elephants
  5 cyclopes
  2 black mambas
  An unseen horror (D:10)
  A gargoyle (D:11)
  8 cane toads
  2 torpor snails
  A kobold demonologist (D:12)
  9 rime drakes
  7 komodo dragons
  4 trolls
  A meliai (Lair:3)
  2 polar bears
  A hornet (D:10)
  11 slime creatures
  14 blink frogs
  Sigmund (D:2)
  3 dream sheep (Lair:5)
  3 shadows
  A vampire (D:10)
  4 wraiths
  12 wyverns
  5 fire elementals
  8 basilisks
  34 yaks
  2 steam dragons
  5 wargs
  An acid dragon (D:11)
  2 hell hounds
  A swamp drake (Orc:1)
  11 water moccasins
  23 orc warriors
  A sky beast (D:7)
  7 black bears
  An ice beast (D:8)
  9 ogres
  2 centaurs
  16 wolves
  5 kobold brigands
  A phantom (D:5)
  13 bullfrogs
  A gnoll sergeant (D:6)
  2 scorpions
  A necrophage (D:5)
  15 wights
  13 killer bees
  A crimson imp (Orc:1)
  4 gnoll boudas
  8 hounds
  Crazy Yiuf (D:5)
  13 orc priests
  A jelly (D:6)
  An iron imp (Orc:1)
  3 iguanas
  Ijyb (D:4)
  20 orc wizards
  4 hell rats (Lair:3)
  41 gnolls
  14 adders
  A shadow imp (Orc:1)
  A white imp (Orc:1)
  2 worms (D:3)
  4 dart slugs
  80 orcs
  3 bats (D:1)
  5 endoplasms
  5 giant cockroaches
  7 goblins
  10 hobgoblins
  2 jackals (D:4)
  8 kobolds
  2 quokkas (D:1)
  10 ball pythons
  4 frilled lizards
  5 rats
  3 bushes (Lair:1)
  2 plants (Lair:1)
577 creatures vanquished.

Vanquished Creatures (collateral kills)
  A wight (D:7)
  3 killer bees (D:10)
  An orc priest (D:10)
5 creatures vanquished.

Vanquished Creatures (others)
  2 orc wizards
  2 adders (D:4)
  An orc (Orc:2)
  A giant cockroach (D:4)
  2 hobgoblins (D:4)
  A kobold (D:4)
  2 foxfires (Lair:3)
  79 fungi
  72 plants
  6 withered plants (D:2)
168 creatures vanquished.

Grand Total: 750 creatures vanquished

Notes
Turn   | Place    | Note
-------+----------+-------------------------------------------
     0 | Abyss:1  | wingedge the Palentonga Abyssal Knight began the quest for
                  | the Orb.
     0 | Abyss:1  | Reached XP level 1. HP: 19/19 MP: 2/2
     1 | D:1      | Escaped the Abyss
   199 | D:1      | Reached XP level 2. HP: 19/25 MP: 3/3
   771 | D:1      | Reached XP level 3. HP: 31/31 MP: 4/4
   959 | D:2      | Reached *** piety under Lugonu
   960 | D:2      | Reached skill level 1 in Dodging
  1026 | D:2      | Reached skill level 1 in Hexes
  1034 | D:2      | You fall into a shaft and drop 1 floor!
  1232 | D:3      | Noticed a water moccasin
  1359 | D:3      | Found a runed translucent door.
  1390 | D:3      | Noticed sigtrap's ghost (amateur KoBr)
  1456 | D:3      | Reached XP level 4. HP: 36/37 MP: 5/5
  1458 | D:3      | Learned a level 1 spell: Slow
  1494 | D:3      | Found a radiant altar of Vehumet.
  1725 | D:2      | Reached XP level 5. HP: 41/43 MP: 5/7
  1740 | D:2      | Noticed Sigmund
  1749 | D:2      | Killed Sigmund
  1750 | D:2      | Reached XP level 6. HP: 40/52 MP: 6/9
  1980 | D:2      | Identified 2 scrolls of acquirement
  1980 | D:2      | Acquired 608 gold pieces
  1982 | D:2      | Acquired a +5 quick blade
  2057 | D:2      | Found a faded altar of an unknown god.
  2229 | D:3      | Banished a water moccasin
  2230 | D:3      | Reached skill level 5 in Invocations
  2238 | D:3      | HP: 2/52 [poisoned by a water moccasin]
  2697 | D:3      | Found an ornate altar of the Wu Jian Council.
  2831 | D:3      | Found a runed translucent door.
  2840 | D:3      | Banished sigtrap's ghost
  2841 | D:3      | Reached skill level 1 in Short Blades
  2841 | D:3      | Gained mutation: You curl defensively after being hit. (AC
                  | +7*) [Palentonga growth]
  2841 | D:3      | Reached XP level 7. HP: 58/58 MP: 4/11
  2987 | D:3      | Learned a level 3 spell: Confusing Touch
  3030 | D:4      | Reached skill level 1 in Stealth
  3222 | D:4      | Noticed Ijyb
  3226 | D:4      | Killed Ijyb
  3227 | D:4      | Reached skill level 1 in Maces & Flails
  3278 | D:4      | Reached **** piety under Lugonu
  3400 | D:4      | Reached skill level 5 in Fighting
  3575 | D:4      | Corrupted D:4
  3575 | D:4      | Noticed a ynoxinul
  3575 | D:4      | Noticed a small abomination
  3575 | D:4      | Noticed a small abomination
  3575 | D:4      | Noticed a spatial maelstrom
  3575 | D:4      | Noticed a golden eye
  3575 | D:4      | Noticed a large abomination
  3575 | D:4      | Noticed a large abomination
  3575 | D:4      | Noticed a large abomination
  3575 | D:4      | Noticed a lich
  3575 | D:4      | Noticed a small abomination
  3575 | D:4      | Noticed a bone dragon
  3575 | D:4      | Noticed a thrashing horror
  3575 | D:4      | Noticed a smoke demon
  3575 | D:4      | Noticed a large abomination
  3576 | D:4      | Noticed a large abomination
  3576 | D:4      | Noticed a large abomination
  3577 | D:4      | Noticed a spatial vortex
  3580 | D:4      | Noticed an ice devil
  3583 | D:4      | Noticed a ynoxinul
  3583 | D:4      | Noticed a spatial vortex
  3584 | D:4      | Noticed a guardian serpent
  3608 | D:4      | Noticed a spatial vortex
  3610 | D:4      | Noticed a tentacled starspawn
  3612 | D:4      | Noticed an ancient lich
  3614 | D:4      | Noticed a spatial vortex
  3614 | D:4      | Noticed a ynoxinul
  3614 | D:4      | Noticed a spatial vortex
  3616 | D:4      | Noticed a spatial vortex
  3616 | D:4      | Noticed a deep elf sorcerer
  3625 | D:4      | Noticed an unseen horror
  4016 | D:4      | Found a blossoming altar of Fedhas.
  4016 | D:4      | Found a shadowy altar of Dithmenos.
  4024 | D:4      | Found an opulent altar of Gozag.
  4026 | D:4      | Found a glowing golden altar of the Shining One.
  4028 | D:4      | Found a shimmering altar of Xom.
  4072 | D:5      | Entered Level 5 of the Dungeon
  4191 | D:5      | Reached skill level 2 in Maces & Flails
  4201 | D:5      | Reached XP level 8. HP: 41/66 MP: 3/12
  4349 | D:5      | Reached skill level 1 in Spellcasting
  4544 | D:5      | Found a runed translucent door.
  4545 | D:5      | Noticed Crazy Yiuf
  4554 | D:5      | Killed Crazy Yiuf
  4849 | D:5      | Reached skill level 3 in Maces & Flails
  5216 | D:5      | Reached skill level 4 in Maces & Flails
  6182 | D:6      | Found a staircase to the Ecumenical Temple.
  6200 | D:6      | Reached skill level 5 in Maces & Flails
  6205 | Temple   | Entered the Ecumenical Temple
  6485 | D:6      | Found a glowing silver altar of Zin.
  6669 | D:7      | Reached XP level 9. HP: 53/72 MP: 12/14
  6825 | D:7      | Learned a level 2 spell: Wereblood
  7049 | D:7      | Reached skill level 1 in Transmutations
  7082 | D:7      | Reached skill level 6 in Maces & Flails
  7082 | D:7      | Reached skill level 5 in Hexes
  7613 | D:8      | Learned a level 2 spell: Ensorcelled Hibernation
  7696 | D:8      | Reached skill level 7 in Maces & Flails
  7699 | D:8      | Reached skill level 1 in Ice Magic
  7706 | D:8      | Reached XP level 10. HP: 65/79 MP: 7/16
  7862 | D:8      | Identified the +5 morningstar of Xoxadax {protect, Dex+4}
  7929 | D:8      | Found an iron altar of Okawaru.
  7971 | D:8      | Noticed Erica
  7983 | D:8      | Killed Erica
  7984 | D:8      | Reached skill level 8 in Maces & Flails
  8273 | D:8      | Noticed Gastronok
  8288 | D:8      | Killed Gastronok
  8289 | D:8      | Reached skill level 9 in Maces & Flails
 10515 | D:9      | Found a flagged portal.
 10517 | D:9      | Reached XP level 11. HP: 86/86 MP: 14/17
 10541 | D:9      | Learned a level 3 spell: Ozocubu's Armour
 10560 | Bailey   | Entered a bailey
 10671 | Bailey   | Reached skill level 10 in Maces & Flails
 10772 | Bailey   | Reached ***** piety under Lugonu
 11729 | D:9      | Identified the +1 whip of Focus {vorpal, Will- Dex+9}
 12092 | D:10     | Entered Level 10 of the Dungeon
 12101 | D:9      | Learned a level 3 spell: Frozen Ramparts
 12705 | D:10     | Found a staircase to the Orcish Mines.
 12760 | D:10     | Found a staircase to the Lair.
 12876 | D:10     | Found a stormy altar of Qazlal.
 12978 | D:10     | Paralysed by a hornet for 1 turns
 13808 | D:11     | Noticed a boulder beetle
 14411 | D:11     | Banished a boulder beetle
 15045 | Lair:1   | Entered Level 1 of the Lair of Beasts
 15150 | Lair:1   | Reached skill level 10 in Invocations
 15380 | Lair:1   | Reached XP level 12. HP: 98/98 MP: 19/19
 15405 | Lair:1   | Reached skill level 11 in Maces & Flails
 16104 | Lair:1   | Got Ofagay's Meditations on the Mountains and Curses
 16166 | Lair:1   | Found a blossoming altar of Fedhas.
 16213 | Lair:1   | Reached skill level 12 in Maces & Flails
 16818 | Lair:2   | Noticed a seven-headed hydra
 16823 | Lair:2   | Killed a seven-headed hydra
 16985 | Lair:1   | Learned a level 2 spell: Sublimation of Blood
 17040 | Lair:2   | Noticed a four-headed hydra
 17099 | Lair:2   | Killed a four-headed hydra
 17100 | Lair:2   | Reached skill level 1 in Necromancy
 17512 | Lair:2   | Reached skill level 13 in Maces & Flails
 18383 | Lair:3   | Noticed a death yak
 18384 | Lair:3   | Noticed a death yak
 18384 | Lair:3   | Noticed a death yak
 18384 | Lair:3   | Noticed a death yak
 18423 | Lair:2   | Killed a death yak
 18628 | Lair:3   | Noticed Rupert
 18691 | Lair:2   | Killed Rupert
 19090 | Lair:3   | Reached XP level 13. HP: 104/104 MP: 20/20
 19433 | Lair:3   | Reached skill level 1 in Translocations
 20321 | Lair:3   | Found a hole to the Spider Nest.
 20829 | D:12     | Reached skill level 5 in Armour
 20829 | D:12     | Reached skill level 5 in Dodging
 21316 | D:12     | Noticed Azrael
 21588 | D:12     | Killed Azrael
 22064 | D:12     | Noticed Frances
 22069 | D:12     | Killed Frances
 22070 | D:12     | Reached skill level 14 in Maces & Flails
 22070 | D:12     | Reached skill level 5 in Ice Magic
 22322 | Orc:1    | Entered Level 1 of the Orcish Mines
 22422 | Orc:1    | Identified the +1 hat "Xogoasi" {Will- Str+5 Dex+3}
 22515 | Orc:1    | Paralysed by an orc sorcerer for 2 turns
 22518 | Orc:1    | Noticed Josephine
 22540 | Orc:1    | Killed Josephine
 23047 | Orc:1    | Reached ****** piety under Lugonu
 23055 | Orc:1    | Identified a +2 great mace of distortion (a +0 great mace
                  | of venom corrupted by Lugonu)
 23055 | Orc:1    | Received a gift from Lugonu
 23083 | Orc:1    | You fall into a shaft and drop 1 floor!
 23083 | Orc:2    | Entered Level 2 of the Orcish Mines
 23086 | Orc:2    | Found Fyewa's Antique Armour Boutique.
 23086 | Orc:2    | Noticed an ettin
 23087 | Orc:2    | Banished an ettin
 23100 | Orc:2    | Noticed a stone giant
 23110 | Orc:2    | Killed a stone giant
 23151 | Orc:2    | Reached XP level 14. HP: 39/116 MP: 22/22
 23486 | Orc:2    | Found a transporter.
 23510 | Orc:2    | Found Myumothru's Jewellery Emporium.
 23544 | Orc:2    | Reached skill level 10 in Fighting
 23608 | Orc:2    | Found a staircase to the Elven Halls.
 23610 | Orc:2    | Found Oklok's Antique Weapon Shoppe.
 23913 | Orc:2    | Noticed mkat's ghost (journeyman TeFi)
 23918 | Orc:2    | Found a transporter.
 23940 | Orc:2    | Killed mkat's ghost
 24112 | Orc:2    | Identified the ring "Miroal" {rElec rN+ Will+ Dex-2 SInv}
 24485 | Orc:2    | Found Iseram's General Store.
 24493 | Orc:2    | Bought a potion of brilliance for 52 gold pieces
 24493 | Orc:2    | Bought a scroll of identify for 26 gold pieces
 24493 | Orc:2    | Bought a potion of cancellation for 104 gold pieces
 24537 | Orc:2    | Learned a level 5 spell: Manifold Assault
 24913 | Orc:2    | Found Owusmis's Antique Weapon Shoppe.
 25329 | Orc:2    | Bought a ring of poison resistance for 260 gold pieces
 25678 | Lair:3   | Reached skill level 5 in Spellcasting
 25969 | Lair:3   | Found a staircase to the Swamp.
 26227 | Lair:3   | HP: 5/116 [hell rat (12)]
 26739 | Lair:4   | Reached skill level 5 in Translocations
 27004 | Lair:4   | Reached skill level 15 in Maces & Flails
 27091 | Lair:4   | Identified the +6 quarterstaff "Hell-Harrower" {holy, rElec
                  | rCorr}
 27779 | Lair:5   | Entered Level 5 of the Lair of Beasts
 28056 | Lair:5   | HP: 2/121 [dream sheep (23)]
 28058 | Lair:5   | Mangled by a dream sheep

Illustrated notes

Levels and vault maps discovered:
D:1:      dpeg_arrival_circle_labyrinth_a, layout_basic
D:2:      layout_rooms, ebering_ecumenical_altar_petrified, uniq_sigmund
D:3:      layout_basic, nicolae_vehumet_altar_sigil,
          nicolae_wu_jian_immortal_techniques, ebering_ghost_sewer_f,
          item_on_display_a
D:4:      layout_basic, chequers_temple_overflow_minitemple,
          kennysheep_generic_room_16, uniq_ijyb
D:5:      black_bear_nest_2, layout_basic, grunt_ministairs_12,
          uniq_crazy_yiuf_cottage
D:6:      kb_forest_paths, layout_basic, marbit_many_paths,
          chequers_serial_rivers_large_a, dk_noncrumbling_4
D:7:      kennysheep_seaside_town, layout_rooms
D:8:      layout_basic, kennysheep_mini_moat, kennysheep_pointless_box,
          uniq_erica, uniq_gastronok
D:9:      layout_grid_maze, enter_bailey_4, st_stairs_1
D:10:     layout_grid_maze, nicolae_overflow_hidden_temple,
          due_lair_maze_entry_diamond, orc_0_dummy
D:11:     layout_rooms, hangedman_abyss_or_decor_slice, hangedman_decor_lopped
D:12:     layout_stronghold, uniq_azrael, uniq_frances
Temple:   nicolae_temple_ecumenical_triangle
Lair:1:   layout_chaotic_city, tgw_fedhas, grunt_megastairs_1
Lair:2:   layout_small_grid, infiniplex_staircase_pool_2, grunt_megastairs_5
Lair:3:   layout_small_grid, minmay_swamp_entry_wisps,
          hellmonk_spider_entry_not_the_bees, special_room
          [special_room_mythical_zoo], grunt_megastairs_4, uniq_rupert
Lair:4:   layout_cellular_growth, serial_bayou_shore_a
Lair:5:   grunt_lair_end_beastmaster, layout_hall_layers, slime_entry_1,
          nicolae_lair_lindhole, uniq_sonja
Orc:1:    layout_caves, hangedman_minor_magic, uniq_josephine
Orc:2:    grunt_orc_gardens, layout_diamond_mine, grunt_orc_garden,
          grunt_orc_garden, grunt_orc_garden, grunt_orc_garden,
          gammafunk_ghost_arena, serial_shops, shop

Skill      XL: |  1  2  3  4  5  6  7  8  9 10 11 12 13 14 |
---------------+-------------------------------------------+-----
Armour         | 2 3 4 5 6 |  6.0
Axes           | 3 |  3.0
Dodging        | 1 3 4 5 6 |  6.0
Hexes          | 1 2 3 4 5 |  5.0
Invocations    | 3 4 5 6 7 8 9 10 11 | 11.6
Fighting       | 4 5 7 8 9 11 | 11.7
Short Blades   | 1 |  1.2
Stealth        | 1 2 |  2.0
Maces & Flails | 2 5 7 9 10 13 14 15 | 15.2
Spellcasting   | 2 4 5 |  5.0
Transmutations | 3 4 |  4.0
Ice Magic      | 1 2 3 4 5 |  5.0
Necromancy     | 2 3 |  3.0
Translocations | 3 6 |  6.0

Action                   |  1- 3 |  4- 6 |  7- 9 | 10-12 | 13-15 || total
-------------------------+-------+-------+-------+-------+-------++-------
Melee: Hand axe          |    48 |       |       |       |       ||    48
       Tailslap          |     6 |     8 |    32 |   118 |   109 ||   273
       Punch             |     2 |     1 |     3 |     4 |       ||    10
       Dagger            |    36 |     5 |       |       |       ||    41
       Long sword        |       |    41 |       |       |       ||    41
       Quick blade       |       |    15 |     5 |       |       ||    20
       Mace              |       |       |   228 |    57 |       ||   285
       Flail             |       |       |     7 |     8 |       ||    15
       Morningstar       |       |       |       |   257 |     4 ||   261
       Dire flail        |       |       |       |   275 |   432 ||   707
       Great mace        |       |       |       |       |    66 ||    66
Throw: Throwing net      |       |       |       |     1 |     1 ||     2
       Dart              |       |       |       |     1 |       ||     1
 Cast: Slow              |       |     6 |     8 |    11 |     1 ||    26
       Confusing Touch   |       |       |     4 |    23 |     1 ||    28
       Wereblood         |       |       |     4 |    14 |    21 ||    39
       Ozocubu's Armour  |       |       |       |    13 |    16 ||    29
       Frozen Ramparts   |       |       |       |     6 |       ||     6
       Ensorcelled Hiber |       |       |       |     2 |       ||     2
Invok: Bend Space        |       |     1 |    10 |    15 |    10 ||    36
       Banish            |       |     2 |     4 |     9 |    11 ||    26
       Corrupt           |       |       |     1 |       |       ||     1
       Brand Weapon With |       |       |       |       |     1 ||     1
 Abil: Rolling Charge    |    22 |    20 |    69 |   128 |   120 ||   359
Evoke: Wand              |       |       |     3 |     6 |       ||     9
  Use: Scroll            |     2 |     2 |    12 |     7 |    10 ||    33
       Potion            |     1 |     1 |       |     7 |     6 ||    15
 Stab: Confused          |       |       |     1 |    13 |       ||    14
       Distracted        |       |       |       |     4 |     5 ||     9
       Invisible         |       |       |       |       |     1 ||     1
Armor: Leather armour    |    27 |       |       |       |       ||    27
       Robe              |     6 |    16 |   125 |   126 |    96 ||   369
       Acid dragon scale |       |       |       |    42 |    23 ||    65
Dodge: Dodged            |    34 |    24 |   122 |   172 |   162 ||   514
Block: Kite shield       |       |       |       |    37 |       ||    37
